 Dungeon Crawl Stone Soup version 0.29-a0-789-g7a8fcbc185 (webtiles) character file.

Game seed: 3963795881846389892

68 Pooter the Shooter (level 4, -6/38 HPs)
             Began as a Minotaur Hunter on July 2, 2022.
             Killed by divine providence
             ... invoked by an orc priest
              (10 damage)
             ... on level 3 of the Dungeon.
             The game lasted 00:08:14 (1452 turns).

Pooter the Shooter (Minotaur Hunter)                Turns: 1452, Time: 00:08:14

Health: -6/38      AC:  8    Str: 17    XL:     4   Next: 1%
Magic:  1/1        EV: 10    Int:  6    God:
Gold:   112        SH:  0    Dex: 14    Spells: 3/3 levels left

rFire   . . .      SeeInvis .   a - +2 falchion (antimagic)
rCold   . . .      Faith    .   (no shield)
rNeg    . . .      Spirit   .   q - +0 scale mail
rPois   .          Reflect  .   (helmet restricted)
rElec   .          Harm     .   (no cloak)
rCorr   .          Rampage  .   r - +0 pair of gloves
Will    .....                   e - +0 pair of boots
Stlth   ..........              (no amulet)
HPRegen 0.12/turn               (no ring)
MPRegen 0.07/turn               (no ring)

@: no status effects
A: horns 2, retaliatory headbutt
a: no special abilities


You were on level 3 of the Dungeon.
You visited 1 branch of the dungeon, and saw 3 of its levels.

You collected 112 gold pieces.

Inventory:

Hand Weapons
 a - a +2 antimagic falchion (weapon)
   (You found it on level 2 of the Dungeon)
 b - a +0 shortbow
 p - a +0 spear
   (You found it on level 1 of the Dungeon)
Missiles
 Q - 20 stones (quivered)
Armour
 e - a +0 pair of boots (worn)
   (You found it on level 1 of the Dungeon)
 q - a +0 scale mail (worn)
   (You found it on level 2 of the Dungeon)
 r - a +0 pair of gloves (worn)
   (You found it on level 2 of the Dungeon)
Scrolls
 g - a scroll of immolation {!r}
 h - 2 scrolls of noise {unknown}
 l - a scroll of magic mapping {unknown}
 m - a scroll of enchant weapon {unknown}
 s - a scroll of amnesia
 t - a scroll of silence
 v - 2 scrolls of fog
Potions
 c - a potion of flight {unknown}
 d - 2 potions of attraction {unknown}
 f - a potion of curing {unknown}
 j - a potion of heal wounds {unknown}
 k - a potion of berserk rage {unknown}
 n - a potion of brilliance {unknown}
 u - a potion of degeneration {unknown}


   Skills:
 + Level 3.1 Fighting
 + Level 0.7 Long Blades
 * Level 5.1 Ranged Weapons
 + Level 2.8 Dodging
 + Level 1.6 Stealth


You had 3 spell levels left.
You didn't know any spells.
Your spell library contained the following spells:

 Spells                   Type           Power      Damage    Failure   Level
 Blink                    Tloc           0%         N/A       95%         2
 Lesser Beckoning         Tloc           0%         N/A       99%         3
 Manifold Assault         Tloc           0%         N/A       100%        5


Dungeon Overview and Level Annotations

Branches:
Dungeon (3/15)

Altars:


Innate Abilities, Weirdness & Mutations

You have a pair of horns on your head.
You reflexively headbutt those who attack you in melee.


Message History

A worm is nearby!
You shoot an arrow.
The arrow hits the worm but does no damage.
You shoot an arrow.
The arrow hits the worm but does no damage.
You feel magic leave you.
a - a +2 antimagic falchion (weapon)
An orc comes into view. It is wielding a +0 flail.
The worm barely misses you.
You hit the worm. You hit the worm. The worm completely misses you.
You furiously retaliate!
You headbutt the worm, but do no damage.
You hit the worm. The worm bites you but does no damage.
You slash the worm! You headbutt the worm.
You kill the worm!
You hit the orc. Your headbutt misses the orc.
The orc hits you with a +0 flail.
You hit the orc but do no damage.
An orc priest comes into view. It is wielding a +0 hand axe.
The orc barely misses you. The orc hits you with a +0 flail.
Okay, then.
You completely miss the orc. Your headbutt misses the orc.
An orc comes into view.
It is wielding a +1 short sword of flaming.
The orc barely misses you. You furiously retaliate!
You headbutt the orc.
You kill the orc!
The orc shouts!
You hear a shout!
The orc priest hits you with a +0 hand axe.
Items here: ( ) [ ††.
You closely miss the orc priest.
The orc priest hits you but does no damage.
You hit the orc. You headbutt the orc.
You kill the orc!
The orc priest hits you with a +0 hand axe.
* * * LOW HITPOINT WARNING * * *
You have reached level 4!
You feel agile.
You hit the orc priest.
The orc priest hits you but does no damage. x2
You closely miss the orc priest. Your headbutt misses the orc priest.
The orc priest calls down the wrath of Beogh upon you.
Beogh smites you!
* * * LOW HITPOINT WARNING * * *
You slash the orc priest!
An orc priest comes into view. It is wielding a +0 whip.
The orc priest barely misses you.
Blink to where?
As you read the scroll of blinking, it crumbles to dust.
The orc priest invokes the aid of Beogh against you.
Beogh smites you!
You die...

## .. ####### .#
#..§).# .#
#.##o.o..# .#
#.##.....# .#
#.##.....##.#
#.##....).@.#
#.###########
#...........#####
#...........)..<#
#...........#####
#...........#
#...........#
#.........###
##.........#


You could see 2 orc priests.

Vanquished Creatures
  2 adders (D:2)
  3 worms
  2 orcs (D:3)
  5 ball pythons
  4 bats
  3 endoplasms
  A giant cockroach (D:2)
  3 goblins
  A hobgoblin (D:2)
  5 jackals (D:2)
  4 frilled lizards
  3 kobolds
  4 rats
40 creatures vanquished.

Notes
Turn   | Place    | Note
-------+----------+-------------------------------------------
     0 | D:1      | Pooter the Minotaur Hunter began the quest for the Orb.
     0 | D:1      | Reached XP level 1. HP: 18/18 MP: 0/0
    74 | D:1      | Reached skill level 1 in Stealth
   130 | D:1      | Reached XP level 2. HP: 25/25 MP: 1/1
   566 | D:2      | Reached XP level 3. HP: 28/30 MP: 2/2
   894 | D:2      | Reached skill level 5 in Ranged Weapons
  1449 | D:3      | Reached XP level 4. HP: 17/38 MP: 1/3
  1452 | D:3      | Killed from afar by an orc priest

Illustrated notes

Levels and vault maps discovered:
D:1:      amcnicky_arrival_blooded_trapdoor, layout_rooms, serial_curves,
          eino_curves_03, eino_curves_03
D:2:      layout_rooms, grunt_ministairs_7, dreamdust_princess_bridge
D:3:      layout_basic, kennysheep_slug_shrine,
          dreamdust_ecumenical_altar_grove, serial_shops, shop_fountains,
          uniq_natasha

Skill      XL: |  1  2  3 |
---------------+----------+-----
Stealth        | 1 |  1.6
Fighting       | 3 |  3.1
Ranged Weapons | 5 |  5.1
Long Blades    | |  0.7
Dodging        | |  2.8

Action                   |  1- 3 |  4- 6 || total
-------------------------+-------+-------++-------
Melee: Spear             |    17 |       ||    17
       Headbutt          |     6 |       ||     6
       Falchion          |    20 |     3 ||    23
       Punch             |     1 |       ||     1
 Fire: Shortbow          |    65 |       ||    65
  Use: Scroll            |     4 |     1 ||     5
Armor: Leather armour    |     1 |       ||     1
       Ring mail         |    10 |       ||    10
       Scale mail        |     8 |     2 ||    10
Dodge: Dodged            |    29 |     1 ||    30

Table legend: (Time is in decaauts)
 A = Elapsed time spent in this place.
 B = Non-inter-level travel time spent in this place.
 C = Inter-level travel time spent in this place.
 D = Time resting spent in this place.
 E = Time spent auto-exploring this place.
 F = Levels seen in this place.
 G = Mean time per level.
                   A        B        C        D        E       F      G
               +--------+--------+--------+--------+--------+-----+--------+
         Total |   1474 |   1414 |     60 |    166 |    899 |   3 |  491.3 |
       Dungeon |   1474 |   1414 |     60 |    166 |    899 |   3 |  491.3 |
               +--------+--------+--------+--------+--------+-----+--------+

Top non-repeatable levels by time:
     D:2: 894 daAuts
     D:1: 452 daAuts
     D:3: 127 daAuts
